 Dungeon Crawl Stone Soup version 0.20.1-1-g8b1a95d (webtiles) character file.

511 digijack the Caller (level 6, -2/45 HPs)
             Began as a Centaur Summoner on Dec 14, 2017.
             Slain by an orc warrior
             ... wielding a +0 trident
              (13 damage)
             ... on level 6 of the Dungeon on Dec 15, 2017.
             The game lasted 00:39:50 (7316 turns).

digijack the Caller (Centaur Summoner)              Turns: 7316, Time: 00:39:51

Health: -2/45      AC: 11    Str:  8 (11) XL:     6   Next: 99%
Magic:  3/10       EV: 10    Int: 13 (15) God:
Gold:   211        SH:  3    Dex:  8 (10) Spells: 5/11 levels left

rFire    + . .     SeeInvis .     - Unarmed
rCold    + . .     Gourm    .   (no shield)
rNeg     . . .     Faith    .   a - +2 robe
rPois    +         Spirit   .   (helmet restricted)
rElec    .         Reflect  +   f - +1 cloak
rCorr    .         Harm     .   j - +2 pair of gloves
MR       .....                  (no barding)
Stlth    +.........             e - +3 amulet of reflection
Regen    0.2/turn               o - ring of protection from fire
MPRegen  0.2/turn               p - ring of poison resistance

@: very quick
A: hooves 3, horns 1, cold resistance 1, deformed body, speed 2, tough skin 3
a: no special abilities


You were on level 6 of the Dungeon.
You were not hungry.

You visited 1 branch of the dungeon, and saw 6 of its levels.

You collected 211 gold pieces.

Inventory:

Armour
 a - a +2 robe (worn)
 f - a +1 cloak (worn)
 j - a +2 pair of gloves (worn)
Jewellery
 e - a +3 amulet of reflection (around neck)
 o - a ring of protection from fire (left hand)
 p - a ring of poison resistance (right hand)
Scrolls
 c - a scroll of fear
 d - 5 scrolls of teleportation
 h - 5 scrolls of identify
 k - a scroll of enchant weapon
 m - 4 scrolls of remove curse
Potions
 g - 5 potions of curing
Books
 b - a book of Callings

   Spells                             Type                      Level
   a - Summon Small Mammal            Summoning                    1
   b - Call Imp                       Summoning                    2
   c - Call Canine Familiar           Summoning                    3
   d - Summon Guardian Golem          Hexes/Summoning              3
   e - Summon Lightning Spire         Summoning/Air                4
   f - Summon Ice Beast               Ice/Summoning                4
Comestibles
 i - a fruit
 l - 3 meat rations
 n - a royal jelly


   Skills:
 + Level 2.8 Dodging
 + Level 2.4 Stealth
 + Level 2.3 Unarmed Combat
 * Level 3.0 Spellcasting
 * Level 4.8 Summonings


You had 5 spell levels left.
You knew the following spells:

 Your Spells              Type           Power        Failure   Level  Hunger
a - Summon Small Mammal   Summ           ##..         3%          1    #......
b - Call Imp              Summ           ##......     4%          2    ###....
c - Call Canine Familiar  Summ           ##......     9%          3    ###....


Dungeon Overview and Level Annotations

Branches:
Dungeon (6/15)             Temple (0/1) D:4

Altars:
Ashenzari
Dithmenos
Gozag
Kikubaaqudgha
Sif Muna
Trog
Zin

Shops:
D:4 ![((


Innate Abilities, Weirdness & Mutations

You have hooves in place of feet.
Armour fits poorly on your strangely shaped body.
You cover ground very quickly.
You have extremely tough skin. (AC +3)
You have a pair of small horns on your head.
Your flesh is cold resistant. (rC+)


Message History

Your crimson imp hits the orc warrior but does no damage.
The orc warrior closely misses your crimson imp.
Your crimson imp hits the orc warrior.
Your crimson imp blinks!
Casting: Call Imp
Confirm with . or Enter, or press ? or * to list all spells.
Your crimson imp misses the orc warrior.
The orc warrior hits your crimson imp with a trident.
Things that are here:
a club; an orc corpse You start resting.
Something hits your rat!!
Your rat dies!
Your rat's corpse disappears in a puff of smoke!
The orc warrior hits you from afar with a trident!
* * * LOW HITPOINT WARNING * * *
You closely miss the orc warrior.
The orc warrior is severely wounded.
The orc warrior hits you with a trident!
You die...

#### ##..# #.#.# ## .##
##.@# ##. ..### ######o.#
##.. ## #..###.......# ##
###... #. #..........##
### ..##.....
.####...........# ..
#.......
#.##.....)#####.# #.
#...... ##.#....).## #.#
#.####..#... #....####.##
##.### #......##.# ....##
#.(####....####........##


You could see an orc warrior.

Vanquished Creatures
  A centaur (D:5)
  A worker ant (D:6)
  A hound skeleton (D:4)
  3 adders
  2 worms
  2 dart slugs
  A leopard gecko (D:5)
  3 bats (D:2)
  A giant cockroach (D:1)
  A goblin (D:5)
  A jackal (D:2)
  A quokka (D:5)
  2 frilled lizards
  2 kobolds
  A rat (D:2)
23 creatures vanquished.

Vanquished Creatures (collateral kills)
  2 ogres (D:5)
  2 bullfrogs
  A scorpion (D:6)
  A hound (D:6)
  An orc wizard (D:4)
  A centaur skeleton (D:4)
  An iguana (D:5)
  A worker ant (D:5)
  A hound skeleton (D:4)
  A howler monkey skeleton (D:6)
  4 gnolls (D:2)
  6 adders
  An adder skeleton (D:5)
  A worm (D:2)
  A dart slug (D:1)
  4 leopard geckos
  9 orcs
  A ball python (D:2)
  7 bats
  2 giant cockroaches
  5 goblins
  4 hobgoblins
  3 jackals (D:2)
  9 kobolds
  A quokka (D:4)
  7 frilled lizards
  4 rats
81 creatures vanquished.

Vanquished Creatures (others)
  2 kobolds
2 creatures vanquished.

Grand Total: 106 creatures vanquished

Notes
Turn   | Place    | Note
-------+----------+-------------------------------------------
     0 | D:1      | digijack the Centaur Summoner began the quest for the Orb.
     0 | D:1      | Reached XP level 1. HP: 14/14 MP: 3/3
   255 | D:1      | Reached XP level 2. HP: 13/20 MP: 0/4
   372 | D:1      | Learned a level 2 spell: Call Imp
   938 | D:1      | Gained mutation: Your body sometimes deteriorates upon taking damage. [potion of mutation]
   938 | D:1      | Gained mutation: You have a pair of small antennae on your head. [potion of mutation]
  1521 | D:2      | Reached XP level 3. HP: 8/26 MP: 0/5
  2091 | D:2      | Reached skill level 4 in Summonings
  2334 | D:2      | Lost mutation: You have a pair of small antennae on your head. [potion of mutation]
  2334 | D:2      | Lost mutation: Your body sometimes deteriorates upon taking damage. [potion of mutation]
  2334 | D:2      | Gained mutation: You possess an exceptional clarity of mind. [potion of mutation]
  2334 | D:2      | Gained mutation: Your movements are slightly less encumbered by armour. (ER -2) [potion of mutation]
  2583 | D:2      | Found a bloodstained altar of Trog.
  2603 | D:2      | Lost mutation: You possess an exceptional clarity of mind. [potion of mutation]
  2603 | D:2      | Lost mutation: Your movements are slightly less encumbered by armour. (ER -2) [potion of mutation]
  2603 | D:2      | Gained mutation: Your flesh is cold resistant. (rC+) [potion of mutation]
  2603 | D:2      | Gained mutation: You have a pair of small horns on your head. [potion of mutation]
  2794 | D:2      | Reached XP level 4. HP: 27/33 MP: 1/7
  2855 | D:2      | Learned a level 3 spell: Call Canine Familiar
  4293 | D:4      | Found Vuavom's Distillery.
  4416 | D:4      | Found a deep blue altar of Sif Muna.
  4417 | D:4      | Found a glowing silver altar of Zin.
  4419 | D:4      | Found an ancient bone altar of Kikubaaqudgha.
  4421 | D:4      | Found an opulent altar of Gozag.
  4431 | D:4      | Found a shadowy altar of Dithmenos.
  4716 | D:4      | Found a staircase to the Ecumenical Temple.
  4779 | D:4      | Found Pitec's Weapon Emporium.
  4855 | D:4      | Found Qatwep's Weapon Emporium.
  4864 | D:4      | Reached XP level 5. HP: 38/38 MP: 0/8
  5065 | D:4      | Reached skill level 1 in Unarmed Combat
  5315 | D:4      | Found Barerch's Armour Emporium.
  5758 | D:4      | Found a shattered altar of Ashenzari.
  5779 | D:5      | Entered Level 5 of the Dungeon
  5786 | D:5      | Noticed an ogre
  5794 | D:5      | Killed an ogre
  5794 | D:5      | Reached XP level 6. HP: 42/45 MP: 0/9
  7166 | D:6      | Noticed an orc warrior
  7316 | D:6      | Slain by an orc warrior

Skill      XL: |  1  2  3  4  5  6 |
---------------+-------------------+-----
Summonings     | 4 |  4.8
Spellcasting   | 2 3 |  3.0
Dodging        | 2 |  2.8
Stealth        | 2 |  2.4
Unarmed Combat | 1 2 |  2.3

Action                   |  1- 3 |  4- 6 || total
-------------------------+-------+-------++-------
Melee: Unarmed           |    83 |    92 ||   175
       Kick              |    10 |    19 ||    29
       Headbutt          |       |     6 ||     6
 Cast: Summon Small Mamm |    38 |    46 ||    84
       Call Imp          |    48 |    98 ||   146
       Call Canine Famil |       |     9 ||     9
  Use: Scroll            |     5 |     7 ||    12
       Potion            |     8 |     4 ||    12
 Stab: Distracted        |       |     2 ||     2
  Eat: Chunk             |     3 |     3 ||     6
       Royal jelly       |     1 |       ||     1
       Bread ration      |     1 |     1 ||     2
       Meat ration       |       |     3 ||     3
Armor: Robe              |    52 |    38 ||    90
Dodge: Dodged            |    67 |    42 ||   109
Block: Other             |    14 |    13 ||    27
       Reflection        |     1 |     1 ||     2
